[Event "*** Titled Tuesday Blitz"]
[Site "Chess.com"]
[Date "2020.12.29"]
[Round "8"]
[White "grandcoach"]
[Black "rududuyk"]
[Result "1-0"]
[WhiteElo "2120"]
[BlackElo "2242"]
[TimeControl "180+1"]
[EndTime "11:27:53 PST"]
[Termination "grandcoach won by resignation"]

1. e4 e6 2. Nf3 d5 3. e5 c5 4. b4 c4 5. c3 a5 6. b5 Nd7 7.
d4 cxd3 8. Bxd3 Qc7 9. h4 Nxe5 10. Nxe5 Qxe5+ 11. Be3 Bb4 12. Kf1 Bxc3 13. Nxc3 Qxc3 14.
b6 Bd7 15. Rc1 Qb4 16. Rc7 d4 17. Rc4 Qxb6 18. Bxd4 Qd6 19. Bxg7 Bb5 20. Rd4 Bxd3+ 21. Qxd3 Qc7 22. Bxh8 Ne7 23. Qb5+ Kf8 24. Rh3 Qc1+ 25.
Ke2 Nd5 26. Qxb7 Rc8 27. Rxd5 exd5 28. Re3 Qc2+ 29. Kf1 Qc1+ 30. Re1 Qc4+ 31. Kg1 Qc5 32. Bf6 Qc6 33. Qe7+ Kg8 34. Qe5 h6 35. Qg3+ 1-0

[Event "*** Titled Tuesday Blitz"]
[Site "Chess.com"]
[Date "2020.12.29"]
[Round "8"]
[White "mbojan"]
[Black "GigaQuparadze"]
[Result "0-1"]
[WhiteElo "2680"]
[BlackElo "2883"]
[TimeControl "180+1"]
[EndTime "11:27:54 PST"]
[Termination "GigaQuparadze won by resignation"]

1. Nf3 Nf6 2. g3 b6 3. Bg2 Bb7 4. O-O g6 5. d3 Bg7 6. e4 d6 7. Nc3 O-O 8. Ng5 e5 9. f4 h6 10. Nf3 Nbd7 11. f5 gxf5 12. Nh4 fxe4 13. dxe4 Nc5 14.
Nf5 Nh7 15. Nxh6+ Kh8 16. Nxf7+ Rxf7 17. Rxf7 Bc8 18. Be3 Be6 19. Rf2 Nd7 20. Qd2 Ndf6 21. h3 Nh5 22. Kh2 Qg8 23. Bf3 N5f6 24. Raf1 Rd8 25. Nd5 Bxd5 26. exd5 e4 27. Bg2 Qxd5 28. Qe2 Qe6 29. c4 c5 30. b3 d5 31. cxd5 Nxd5 32. Rf5 Rg8 33. Bc1 Nc3 34. Qh5 e3 35.
Rf7 e2 36. Re1 Qe5 37. Qxe5 Bxe5 38. Rf3 Ng5 39. Re3 Bd4 40. Rd3 Bf2 41. Bxg5 Rxg5 42.
Rd8+ Kg7 43. Rxe2 Bxg3+ 44. Kh1 Nxe2 45. Rd7+ Kf6 46. Rxa7 Nf4 47. Bf3 Re5 0-1

[Event "*** Titled Tuesday Blitz"]
[Site "Chess.com"]
[Date "2020.12.29"]
[Round "8"]
[White "Blitzking642"]
[Black "KhamzinOlzhas"]
[Result "0-1"]
[WhiteElo "2296"]
[BlackElo "2463"]
[TimeControl "180+1"]
[EndTime "11:27:55 PST"]
[Termination "KhamzinOlzhas won on time"]

1. e4 c6 2. c4 d5 3. cxd5 cxd5 4. exd5 Nf6 5. Qa4+ Nbd7 6. Nc3 g6 7. Bc4 Bg7 8.
d3 O-O 9. Nf3 a6 10. Qa3 b5 11.
Bxb5 Nb6 12. Bc6 Bg4 13. Bxa8 Bxf3 14. gxf3 Qxa8 15. O-O Nbxd5 16. Ne4 Nh5 17. Be3 Nhf4 18. Kh1 Qc8 19. Rg1 Ne2 20. Rg5 e6 21. Bc5 Rd8 22. d4 Qc6 23. Re1 Nef4 24. Rg3 Nf6 25. Nxf6+ Bxf6 26.
Qe3 Nd5 27. Qh6 Bg7 28. Qg5 Rb8 29. b3 Nf6 30. Qd2 Nh5 31. Rh3 Rd8 32. Rxh5 Qxf3+ 33. Kg1 Qxh5 34. Qf4 Bh6 35. Qc7 Bg5 36. b4 Qg4+ 37.
Qg3 Qf5 38. a3 Bf6 39. h3 Qc2 0-1

[Event "*** Titled Tuesday Blitz"]
[Site "Chess.com"]
[Date "2020.12.29"]
[Round "8"]
[White "MVM2008"]
[Black "Gerryisplaying"]
[Result "1-0"]
[WhiteElo "2211"]
[BlackElo "2290"]
[TimeControl "180+1"]
[EndTime "11:27:55 PST"]
[Termination "MVM2008 won by checkmate"]

1. e4 d5 2. exd5 Qxd5 3. Nf3 Bg4 4. Be2 Nc6 5. O-O O-O-O 6. c4 Qf5 7. Nc3 e5 8. d3 Nf6 9. h3 Bxf3 10. Bxf3 Nd4 11. Be4 Nxe4 12. Nxe4 Be7 13. Qa4 Kb8 14. Be3 Qg6 15.
Bxd4 Rxd4 16. b4 Rxd3 17. f3 Rhd8 18. Rab1 b6 19. c5 f5 20. cxb6 Qxb6+ 21. Nc5 Ka8 22.
Kh1 Bxc5 23. bxc5 Qxc5 24. Rfc1 Rc3 25. Rxc3 Qxc3 26. Qb5 Rd1+ 27. Rxd1 Qd4 28. Rxd4 exd4 29. Qd5+ Kb8 30. Qxd4 Kb7 31. Qxg7 Kc6 32. Qxh7 Kb5 33. Qxf5+ Kc4 34. h4 Kc3 35. h5 Kb2 36. h6 Kxa2 37.
h7 Kb3 38. Qc5 Ka4 39. Qxc7 a5 40. h8=Q Ka3 41. Qhc3+ Ka2 42. Q7xa5+ Kb1 43. Qaa1# 1-0

[Event "*** Titled Tuesday Blitz"]
[Site "Chess.com"]
[Date "2020.12.29"]
[Round "8"]
[White "EdmundPlayer"]
[Black "Euge_chess"]
[Result "0-1"]
[WhiteElo "2185"]
[BlackElo "2083"]
[TimeControl "180+1"]
[EndTime "11:27:55 PST"]
[Termination "Euge_chess won on time"]

1. e4 e5 2. Nc3 Nf6 3. Bc4 Nc6 4. d3 Bb4 5. Ne2 d5 6. exd5 Nxd5 7. O-O Nxc3 8. Nxc3 O-O 9. f4 Qd4+ 10. Kh1 Bxc3 11.
bxc3 Qxc3 12. Bd2 Qd4 13. f5 Kh8 14. Qh5 e4 15. c3 Qf6 16. dxe4 Ne5 17. Bb3 h6 18.
Bf4 c5 19. Bxe5 Qxe5 20. Bxf7 Bd7 21. Rad1 Bc6 22. Bd5 Rac8 23. c4 Rf6 24. Rf3 Qb2 25. Bxc6 bxc6 26. h3 Qc2 27. Rf4 Qxc4 28. Re1 Qc3 29.
Rff1 Qe5 30. g4 Kg8 31. h4 Rcf8 32. g5 Rd6 33. Rf3 Rd4 0-1

[Event "*** Titled Tuesday Blitz"]
[Site "Chess.com"]
[Date "2020.12.29"]
[Round "8"]
[White "KarstenHansch"]
[Black "Sjakkerntobi"]
[Result "1-0"]
[WhiteElo "2454"]
[BlackElo "2324"]
[TimeControl "180+1"]
[EndTime "11:27:56 PST"]
[Termination "KarstenHansch won on time"]

1. e4 e6 2. d4 d5 3. exd5 exd5 4. Nf3 Nf6 5. Bd3 c5 6. O-O c4 7. Re1+ Be7 8. Bf1 O-O 9. b3 cxb3 10. axb3 Nc6 11. Ne5 Bf5 12. Nxc6 bxc6 13. Ba3 Bxa3 14. Rxa3 Qd6 15. Bd3 Bg4 16. f3 Bd7 17. Ra6 Rfe8 18. Rxe8+ Rxe8 19. Rxa7 Qf4 20. Ra4 Qe3+ 21. Kf1 c5 22.
Ra7 Qxd4 23. Nd2 Qh4 24. Qa1 Qxh2 25. Ra8 Bc8 26. Bb5 Qh1+ 27. Kf2 Qh4+ 28. Kf1 Rf8 29. Qe5 Qh1+ 30. Kf2 Qh4+ 31. Kf1 Qb4 32. Qe2 Qh4 33. c4 d4 34. Ne4 Nxe4 35. Qxe4 Qxe4 36. fxe4 Be6 37.
Ra7 Rd8 38. Ke2 h6 39. Kd3 g5 40. Rc7 Rb8 41. Rxc5 Kg7 42. Rc7 Kf6 43. Kxd4 Rd8+ 44. Ke3 g4 45. Bc6 Ke5 46. Bd5 1-0

[Event "*** Titled Tuesday Blitz"]
[Site "Chess.com"]
[Date "2020.12.29"]
[Round "8"]
[White "vova-79"]
[Black "FishThatRoared"]
[Result "1-0"]
[WhiteElo "2532"]
[BlackElo "2107"]
[TimeControl "180+1"]
[EndTime "11:27:56 PST"]
[Termination "vova-79 won on time"]

1. d4 d5 2. c4 c6 3. Nc3 Nf6 4. e3 a6 5. Qc2 g6 6. Bd3 Bg7 7.
b3 O-O 8. Nf3 b5 9. O-O Nbd7 10.
Bb2 Re8 11. Rad1 Bb7 12. Rfe1 Qb8 13. Ba1 b4 14. Na4 c5 15. dxc5 Rc8 16. cxd5 Bxd5 17. e4 Bc6 18. e5 Nd5 19. e6 fxe6 20.
Bxg7 Kxg7 21. Rxe6 Bxa4 22. bxa4 Nxc5 23. Qb2+ Kg8 24.
Bc4 Nxe6 25. Bxd5 Qb6 26. Re1 Rc6 27. Ng5 Rd8 28. Qb3 Kg7 29. Nxe6+ Rxe6 30. Bxe6 Qd4 31. h3 Rf8 32. Rf1 Rf6 33. Bg4 h5 34. Bf3 g5 35. Rd1 Qc5 36. Qd5 Qc7 37. Qxg5+ Rg6 38.
Qxh5 Qf4 39. Qd5 1-0

[Event "*** Titled Tuesday Blitz"]
[Site "Chess.com"]
[Date "2020.12.29"]
[Round "8"]
[White "horripile"]
[Black "Oleksandr_Bortnyk"]
[Result "1-0"]
[WhiteElo "2704"]
[BlackElo "2904"]
[TimeControl "180+1"]
[EndTime "11:28:00 PST"]
[Termination "horripile won by resignation"]

1. e4 Nf6 2. e5 Nd5 3. d4 d6 4.
Nf3 dxe5 5. Nxe5 c6 6. Bd3 Nd7 7. Nf3 N7f6 8. h3 Nb4 9. Bc4 Bf5 10. Bb3 e6 11. O-O Bd6 12. Nbd2 a5 13. a4 O-O 14.
Nc4 Bc7 15. Nce5 h6 16. c3 Nbd5 17. Re1 Qe7 18. g4 Bh7 19. g5 hxg5 20. Nxg5 Rad8 21. Nxh7 Nxh7 22. Qh5 c5 23. Bc2 f5 24. Ng6 Qf7 25. Bg5 Rd7 26. dxc5 Bd8 27. h4 Bxg5 28. hxg5 Rc8 29.
Bb3 Rxc5 30. Rad1 f4 31. Re5 f3 32. Rde1 Rc6 33. Bxd5 Rxd5 34. Rxd5 exd5 35. Ne7+ Kf8 36. Qxf7+ Kxf7 37. Nxc6 bxc6 38. g6+ Kxg6 39. Re6+ Kf5 40. Rxc6 g5 41. Rc5 Nf6 42. Rxa5 g4 43. Ra8 Ne4 44. a5 g3 45. fxg3 Kg4 46. a6 Kxg3 47. Rg8+ Kf4 48. a7 f2+ 49. Kg2 Ke3 50. Rf8 d4 51. cxd4 f1=Q+ 52. Rxf1 1-0

[Event "*** Titled Tuesday Blitz"]
[Site "Chess.com"]
[Date "2020.12.29"]
[Round "8"]
[White "Nils_03"]
[Black "MashaFromRussia"]
[Result "1-0"]
[WhiteElo "2274"]
[BlackElo "2393"]
[TimeControl "180+1"]
[EndTime "11:28:00 PST"]
[Termination "Nils_03 won by resignation"]

1. d4 Nf6 2. c4 g6 3. Nc3 Bg7 4. Nf3 O-O 5. g3 d6 6. Bg2 Nc6 7. O-O a6 8. b3 e5 9. dxe5 Ng4 10. Bb2 Ngxe5 11. Nxe5 Nxe5 12. Qd2 Rb8 13. Rad1 b5 14.
c5 b4 15. Ne4 f5 16. Ng5 f4 17. Bd5+ Kh8 18. Ne6 Bxe6 19. Bxe6 fxg3 20. hxg3 Qe7 21. Bd5 dxc5 22. Bg2 Rbd8 23. Qc2 Rxd1 24. Rxd1 Ng4 25.
Bxg7+ Qxg7 26. Bf3 Ne5 27. Qxc5 Nxf3+ 28. exf3 Qf6 29. f4 h5 30. Qxb4 h4 31. Qd4 hxg3 32.
fxg3 Kg7 33. Qxf6+ Kxf6 34. Rc1 Rf7 35. Rc6+ Kf5 36. Rxa6 Rd7 37. Kg2 Rd2+ 38. Kh3 Rc2 39. Ra5+ Ke4 40. Re5+ Kf3 41. a4 Rb2 42. Rc5 Rxb3 43.
Rxc7 Ra3 44. Rc4 Kf2 45. Rc2+ Kf3 46. Kh4 Rxa4 47. Rc3+ Kf2 48. Kg5 Ra6 49. g4 Ke2 50.
f5 gxf5 51. gxf5 Kd2 52. Rh3 1-0

[Event "*** Titled Tuesday Blitz"]
[Site "Chess.com"]
[Date "2020.12.29"]
[Round "8"]
[White "Pertinhez76"]
[Black "Aslanov_Umid"]
[Result "0-1"]
[WhiteElo "2108"]
[BlackElo "2259"]
[TimeControl "180+1"]
[EndTime "11:28:01 PST"]
[Termination "Aslanov_Umid won on time"]

1. d4 d5 2. Nf3 Bf5 3. Bf4 c6 4.
e3 Nd7 5. c4 e6 6. Nc3 Ngf6 7.
Qb3 Qb6 8. c5 Qxb3 9. axb3 Be7 10. b4 O-O 11. b5 Nh5 12. Bg3 Nxg3 13. hxg3 e5 14. Be2 exd4 15. exd4 Bf6 16. Kd2 Rfe8 17.
Rhe1 Be4 18. bxc6 bxc6 19. Ba6 Bxf3 20. gxf3 Bxd4 21. Bb7 Rab8 22. Rxe8+ Rxe8 23. Bxc6 Rd8 24. Rxa7 Nxc5 25. Ra8 Rxa8 26. Bxa8 Bxf2 27. Nxd5 Bxg3 28. b4 Nd7 29. b5 Bf2 30. Kc3 Kf8 31. Kb4 h5 32.
Bc6 Nb6 33. Nf4 h4 34. Nh3 Be3 35. Ka5 Nc8 36. Ka6 Ke7 37. Bd5 g5 38. Be4 Ke6 39. Bd3 f5 40. Be2 Nb6 41. Kb7 Na4 42. Kc6 Ke5 43. Bd1 Nc3 44. Bb3 g4 45. fxg4 fxg4 46.
Ng5 Bxg5 0-1

[Event "*** Titled Tuesday Blitz"]
[Site "Chess.com"]
[Date "2020.12.29"]
[Round "8"]
[White "crescentmoon2411"]
[Black "ElGasanov"]
[Result "0-1"]
[WhiteElo "2883"]
[BlackElo "2796"]
[TimeControl "180+1"]
[EndTime "11:28:02 PST"]
[Termination "ElGasanov won on time"]

1. e4 c5 2. Nf3 Nc6 3. Bb5 Nf6 4. Nc3 d6 5. d4 cxd4 6. Nxd4 Bd7 7. O-O e6 8. Nf3 Be7 9. Bf4 a6 10. Ba4 Qc7 11.
Qe2 O-O 12. e5 dxe5 13. Nxe5 Nxe5 14. Bxe5 Qc8 15. Rad1 b5 16. Bb3 Bc6 17. a4 Qb7 18. f3 Rfd8 19. Kh1 h6 20. axb5 axb5 21. Rxd8+ Rxd8 22. Rd1 Nd7 23. Bd4 Nc5 24. Bxc5 Rxd1+ 25. Qxd1 Bxc5 26. Qd8+ Kh7 27. Qd3+ g6 28. Ne4 Qa7 29.
Qf1 Be7 30. Qe1 Qd4 31. c3 Qd3 32. Nf2 Qf5 33. Qd1 Bc5 34. Bc2 Qf4 35. Ne4 Be7 36.
Qe2 Qc1+ 37. Qd1 Qxb2 38. g3 f5 0-1

[Event "*** Titled Tuesday Blitz"]
[Site "Chess.com"]
[Date "2020.12.29"]
[Round "8"]
[White "JoachimMouhamad"]
[Black "Geller_Jakov"]
[Result "0-1"]
[WhiteElo "2380"]
[BlackElo "2621"]
[TimeControl "180+1"]
[EndTime "11:28:02 PST"]
[Termination "Geller_Jakov won on time"]

1. e4 c5 2. Nf3 e6 3. d4 cxd4 4. Nxd4 Nc6 5. Nc3 Qc7 6. Be3 a6 7. Qd2 Nf6 8. O-O-O Be7 9. f3 b5 10. Nxc6 dxc6 11. g4 e5 12. h4 Be6 13. g5 Nh5 14. Bh3 Bxh3 15. Rxh3 Rd8 16. Qe1 O-O 17. Ne2 Rxd1+ 18.
Qxd1 Rd8 19. Qe1 a5 20. Ng3 Qd7 21. Rh1 Nxg3 22. Qxg3 Bc5 23. Qf2 Bd4 24. h5 a4 25.
Bxd4 exd4 26. g6 a3 27. gxh7+ Kxh7 28. Rg1 axb2+ 29. Kb1 d3 30. Qg2 dxc2+ 31. Qxc2 Qd3 32. e5 Kh6 33. Qxd3 Rxd3 34. Kxb2 Rxf3 35. Rc1 Kxh5 36.
Rxc6 g5 37. e6 fxe6 38. Rxe6 Rf5 39. Re8 Rd5 40. Rh8+ Kg4 41. Kb3 Kf3 42. Rf8+ Kg3 43. Kb4 g4 0-1

[Event "*** Titled Tuesday Blitz"]
[Site "Chess.com"]
[Date "2020.12.29"]
[Round "8"]
[White "HrvojeZagreb"]
[Black "Loy_Konstantin"]
[Result "1-0"]
[WhiteElo "2241"]
[BlackElo "2374"]
[TimeControl "180+1"]
[EndTime "11:28:02 PST"]
[Termination "HrvojeZagreb won on time"]

1. d4 Nf6 2. Bf4 g6 3. Nc3 Bg7 4. e4 d6 5. Qd2 O-O 6. O-O-O Nbd7 7.
Bh6 Bxh6 8. Qxh6 e5 9. dxe5 dxe5 10. h4 c6 11. h5 Qe7 12. hxg6 fxg6 13. Bc4+ Kh8 14.
Qxg6 Nb6 15. Bb3 Be6 16. Nf3 Bxb3 17. axb3 Rg8 18. Qf5 Rxg2 19. Nxe5 Rag8 20. Nd3 R2g5 21. Qh3 Nbd7 22. f4 Rh5 23. Qf3 Rxh1 24. Rxh1 Qg7 25. e5 Ne8 26. Ne4 Nf8 27. f5 Qg4 28. Rf1 Qxf3 29. Rxf3 Rg4 30. Nef2 Rg1+ 31. Kd2 Kg8 32.
Nf4 Kf7 33. e6+ Kf6 34. Nh5+ Kg5 35. e7 Nd7 36. f6 Kxh5 37. f7 Kg6 38. fxe8=Q+ 1-0

[Event "*** Titled Tuesday Blitz"]
[Site "Chess.com"]
[Date "2020.12.29"]
[Round "8"]
[White "vinniethepooh"]
[Black "Chessdreamer2020"]
[Result "1-0"]
[WhiteElo "2702"]
[BlackElo "2500"]
[TimeControl "180+1"]
[EndTime "11:28:03 PST"]
[Termination "vinniethepooh won by resignation"]

1. d4 d6 2. c4 e5 3. Nc3 exd4 4. Qxd4 Nc6 5. Qd2 Nf6 6. b3 a5 7. Bb2 a4 8. Rd1 axb3 9. axb3 Be7 10. g3 O-O 11.
Bg2 Re8 12. e3 Bg4 13. f3 Bh5 14. Nge2 Bf8 15. O-O Na5 16. Qc2 Rxe3 17. Nf4 Bg6 18. Nxg6 hxg6 19. f4 c6 20. Kh1 Qb6 21. Ra1 Rae8 22.
Ra3 d5 23. Na4 Qd8 24. c5 Re2 25. Qd3 R8e3 26. Qd1 b5 27. Bf3 Qe8 28. Be5 Rxe5 29. fxe5 Rxe5 30. Nc3 Nb7 31. b4 Re3 32. Qd4 Ne4 33.
Bxe4 Rxe4 34. Nxe4 dxe4 35. Re3 f5 36. Rd1 Qe6 37.
Qd7 Qxd7 38. Rxd7 Nxc5 39. bxc5 Bxc5 40. Rc3 Bb4 41. Rxc6 e3 42. Re6 Bd2 43. Kg2 b4 44.
Kf3 b3 45. Rb7 g5 46. Rxb3 f4 47. gxf4 gxf4 48. h4 Kf7 49. Re4 g5 50. hxg5 Kg6 51.
Re5 Kh5 52. Rb6 1-0

[Event "*** Titled Tuesday Blitz"]
[Site "Chess.com"]
[Date "2020.12.29"]
[Round "8"]
[White "AniJak"]
[Black "PawnEatingZombie"]
[Result "1/2-1/2"]
[WhiteElo "2343"]
[BlackElo "2250"]
[TimeControl "180+1"]
[EndTime "11:28:03 PST"]
[Termination "Game drawn by repetition"]

1. e4 c6 2. d4 d5 3. e5 Bf5 4. Nf3 e6 5. Be2 Ne7 6. O-O Nc8 7. Nbd2 a5 8. a4 Be7 9. Nb3 O-O 10. Be3 Nb6 11. Nc5 Qc7 12. b3 N8d7 13. Nd3 h6 14. h3 Bh7 15. Qd2 c5 16. dxc5 Nxc5 17. Rfc1 Ne4 18.
Qe1 Nd7 19. c4 dxc4 20. Rxc4 Qb8 21. Rac1 b5 22. axb5 Qxb5 23. Rxe4 Bxe4 24. Nc5 Qc6 25.
Nd4 Qd5 26. Nxe4 Qxe4 27. Bf3 Qxe5 28. Nc6 Qf6 29. Nxe7+ Qxe7 30. Bxa8 Rxa8 31. Rc7 Qd6 32. Qc1 Nf6 33. Rc6 Qd5 34. Rb6 a4 35.
bxa4 Rxa4 36. Bxh6 gxh6 37. Qxh6 Ra1+ 38. Kh2 Qe5+ 39.
g3 Ra8 40. Rb4 Nh7 41. Rg4+ Kh8 42. Rf4 Qg7 43. Qh5 Rf8 44. Rg4 Qf6 45. Rf4 Qg7 46.
Rg4 Qf6 47. Rf4 Qg7 1/2-1/2

[Event "*** Titled Tuesday Blitz"]
[Site "Chess.com"]
[Date "2020.12.29"]
[Round "8"]
[White "karinachess1"]
[Black "Nara_Kh"]
[Result "1/2-1/2"]
[WhiteElo "2482"]
[BlackElo "2358"]
[TimeControl "180+1"]
[EndTime "11:28:04 PST"]
[Termination "Game drawn by repetition"]

1. e4 c5 2. Nf3 d6 3. d4 Nf6 4. Nc3 cxd4 5. Nxd4 a6 6. Be3 e5 7. Nf3 Qc7 8. a4 Be7 9. a5 Nbd7 10. Be2 O-O 11. O-O Nc5 12. Nd5 Nxd5 13. exd5 f5 14. c4 f4 15. Bd2 e4 16. Nd4 Bf6 17.
Bc3 f3 18. gxf3 Be5 19. Ne6 Nxe6 20. Bxe5 dxe5 21. dxe6 Bxe6 22. fxe4 Rad8 23. Qb3 Rd4 24. f3 Rd2 25. Qe3 Rxb2 26. Rfb1 Rxb1+ 27. Rxb1 Qxa5 28. c5 Rc8 29. Rxb7 Bh3 30. Kf2 Rf8 31. Rxg7+ Kxg7 32. Qg5+ Kf7 33. Bc4+ Ke8 34. Qxe5+ Kd8 35. Qd6+ Ke8 36. Qe5+ Kd8 37. Qd6+ Ke8 38. Qe5+ 1/2-1/2

[Event "*** Titled Tuesday Blitz"]
[Site "Chess.com"]
[Date "2020.12.29"]
[Round "8"]
[White "ehrenfeld"]
[Black "ExcitingTrap"]
[Result "0-1"]
[WhiteElo "2523"]
[BlackElo "2365"]
[TimeControl "180+1"]
[EndTime "11:28:04 PST"]
[Termination "ExcitingTrap won on time"]

1. e4 e6 2. d4 d5 3. e5 c5 4. c3 Nc6 5. Nf3 Qb6 6. a3 Bd7 7. b4 cxd4 8. cxd4 Nh6 9. Nc3 Nf5 10. Na4 Qd8 11. Bb2 a6 12. Bd3 b5 13. Nc5 Bxc5 14.
dxc5 Nh4 15. O-O Nxf3+ 16. Qxf3 Qg5 17. Qe2 O-O 18. f4 Qd8 19. Qh5 g6 20. Qh6 Qe7 21.
Rf3 d4 22. Re1 f5 23. exf6 Qxf6 24. h4 Qg7 25. Qg5 Qf6 26. Qg3 a5 27. bxa5 Rxa5 28. h5 Kg7 29. hxg6 hxg6 30. Re5 Rh8 31. Rg5 Be8 32. f5 Ne5 33. Rf4 Nxd3 34. Bxd4 e5 35. fxg6 Qxf4 36. Qxf4 Nxf4 37. Bxe5+ Kh6 38. Bxf4 Bxg6 0-1

[Event "*** Titled Tuesday Blitz"]
[Site "Chess.com"]
[Date "2020.12.29"]
[Round "8"]
[White "MIJuanReyesRosa"]
[Black "chess4life23"]
[Result "0-1"]
[WhiteElo "2066"]
[BlackElo "2258"]
[TimeControl "180+1"]
[EndTime "11:28:04 PST"]
[Termination "chess4life23 won on time"]

1. d4 Nf6 2. Nf3 g6 3. c4 Bg7 4. Nc3 d5 5. Bf4 O-O 6. Rc1 c5 7. dxc5 dxc4 8. e4 Qa5 9. e5 Nh5 10. Be3 Nc6 11. Bxc4 Bg4 12. Be2 Rad8 13. Qa4 Qb4 14.
Qxb4 Nxb4 15. O-O Nd3 16. Bxd3 Rxd3 17. Ne1 Rd7 18. f3 Be6 19. g4 Bxe5 20. gxh5 Rfd8 21.
hxg6 hxg6 22. b3 Bh3 23. Kf2 Bxf1 24. Kxf1 Bxh2 25. Kf2 Be5 26. Ng2 Bd4 27. Bxd4 Rxd4 28. Ne3 Rd2+ 29. Kg3 R8d3 30. Nc4 Rxc3 31. Rxc3 Rxa2 0-1

[Event "*** Titled Tuesday Blitz"]
[Site "Chess.com"]
[Date "2020.12.29"]
[Round "8"]
[White "SantoBlue"]
[Black "TheBigBoss04"]
[Result "1-0"]
[WhiteElo "2878"]
[BlackElo "2753"]
[TimeControl "180+1"]
[EndTime "11:28:05 PST"]
[Termination "SantoBlue won on time"]

1. e4 c5 2. Nf3 d6 3. d4 cxd4 4.
Nxd4 Nf6 5. Nc3 a6 6. a3 g6 7. f3 Bg7 8. Be3 Nbd7 9. Qd2 h5 10. O-O-O b5 11. Nd5 Bb7 12. Nxf6+ Nxf6 13. h4 Qc7 14. Kb1 Nd7 15. Bd3 Ne5 16. Bg5 Nc4 17.
Bxc4 Qxc4 18. Rhe1 Rc8 19. c3 Qc7 20. f4 O-O 21. f5 Rfe8 22. fxg6 fxg6 23. Ne6 Qc4 24. Nxg7 Bxe4+ 25. Ka1 Kxg7 26. b3 Qxb3 27. Rxe4 Rxc3 28. Rb1 Qxa3+ 29. Qa2 Qc5 30. Qb2 e5 31. Rc1 b4 32.
Rxc3 bxc3 33. Qb7+ Kg8 34. Bh6 Qa3+ 35. Kb1 c2+ 36. Kxc2 Qa2+ 37. Kd1 1-0

[Event "*** Titled Tuesday Blitz"]
[Site "Chess.com"]
[Date "2020.12.29"]
[Round "8"]
[White "andriipalchuk"]
[Black "elohunter1999"]
[Result "0-1"]
[WhiteElo "2490"]
[BlackElo "2680"]
[TimeControl "180+1"]
[EndTime "11:28:05 PST"]
[Termination "elohunter1999 won by resignation"]

1. e4 c5 2. Nf3 d6 3. Bb5+ Nd7 4.
Ba4 Nf6 5. c4 Nxe4 6. O-O Nf6 7.
d4 cxd4 8. Nxd4 g6 9. Nb5 a6 10. Nxd6+ exd6 11. Re1+ Be7 12. Qxd6 b5 13. cxb5 h5 14. Qc6 Rb8 15. Bf4 Rb6 16. Qc2 O-O 17.
Bc7 Qe8 18. Bxb6 Nxb6 19. Bb3 Bf5 20. Qc7 Nbd5 21. Qe5 Qxb5 22. Nc3 Nxc3 23. Qxe7 Ncd5 24. Qe5 Be6 25. Rad1 Rc8 26. Qg5 Qb6 27. h3 a5 28.
Re2 Rc5 29. Qd2 Qc7 30. Qd4 Rc1 31. Ree1 Rc5 32. Qd3 Nf4 33. Qg3 Bxb3 34. axb3 Rc2 35. Re3 Ne2+ 36. Rxe2 Qxg3 37. Re8+ Nxe8 38. fxg3 Rxb2 39.
Ra1 Rxb3 40. Rxa5 0-1

[Event "*** Titled Tuesday Blitz"]
[Site "Chess.com"]
[Date "2020.12.29"]
[Round "8"]
[White "UCantHandleDenker"]
[Black "Koalaskakistis"]
[Result "1-0"]
[WhiteElo "2553"]
[BlackElo "2368"]
[TimeControl "180+1"]
[EndTime "11:28:05 PST"]
[Termination "UCantHandleDenker won by resignation"]

1. Nf3 Nf6 2. g3 g6 3. Bg2 Bg7 4. O-O O-O 5. d3 d5 6. Nbd2 c5 7. e4 Nc6 8. Re1 e6 9. c3 a5 10. a3 a4 11. h4 h5 12. e5 Ng4 13. d4 cxd4 14. cxd4 Qb6 15. Nf1 f6 16. exf6 Bxf6 17. Be3 Nxe3 18. fxe3 Qxb2 19. Qd3 Kg7 20. Reb1 Qxa1 21.
Rxa1 Na5 22. N1h2 Nc4 23. g4 Bd7 24. Kh1 Be7 25. gxh5 gxh5 26. Bh3 Kf7 27. Rf1 Ke8 28. Qg6+ Kd8 29. Ne5 Rxf1+ 30. Nxf1 Nxe5 31. dxe5 Kc7 32. Qf7 Bxa3 33. Bxe6 Rd8 34. Bxd5 Kb8 35. e6 Bc8 36. Ba2 Rf8 37. Qxh5 Rxf1+ 38. Kg2 Rc1 39. Qe5+ Ka7 40. Qa5+ Kb8 41. Qe5+ Ka7 42. e7 Bxe7 43. Qxe7 Rc2+ 44. Kf3 Rxa2 45. Qc5+ Kb8 46. Qd6+ Ka8 47. h5 Ra1 48. Qc7 Be6 49. Qd8+ Ka7 50. Qa5+ Kb8 51. Qe5+ 1-0

[Event "*** Titled Tuesday Blitz"]
[Site "Chess.com"]
[Date "2020.12.29"]
[Round "8"]
[White "comsac"]
[Black "Kazmin_Dmitrij"]
[Result "1-0"]
[WhiteElo "2412"]
[BlackElo "2261"]
[TimeControl "180+1"]
[EndTime "11:28:05 PST"]
[Termination "comsac won on time"]

1. e4 e5 2. Nf3 d6 3. d4 exd4 4. Nxd4 Nf6 5. Nc3 Be7 6. Bc4 O-O 7. O-O c6 8. a4 a5 9. Be3 Re8 10. f3 Bf8 11. Bf2 Nbd7 12. Nf5 Ne5 13. Ne3 Nxc4 14. Nxc4 Be6 15. Bb6 Qe7 16. Ne3 Nd7 17. Bd4 Qd8 18. Nf5 d5 19. Ng3 c5 20. exd5 cxd4 21.
dxe6 Rxe6 22. Nce4 Ne5 23. f4 Nc4 24. f5 Rh6 25.
Qc1 Qh4 26. h3 Ne3 27. Rf3 Rc8 28. Rxe3 dxe3 29. Qxe3 Rxc2 30. Rf1 Rxb2 31. Qc3 Rb4 32. Qc2 Qd8 33. f6 Rg6 34. Qf2 gxf6 35. Nxf6+ Kh8 36. Nfh5 Be7 37. Qxf7 1-0

[Event "*** Titled Tuesday Blitz"]
[Site "Chess.com"]
[Date "2020.12.29"]
[Round "8"]
[White "Kislov_Oleg"]
[Black "vladjianu"]
[Result "1-0"]
[WhiteElo "2461"]
[BlackElo "2568"]
[TimeControl "180+1"]
[EndTime "11:28:06 PST"]
[Termination "Kislov_Oleg won by resignation"]

1. e4 d6 2. d4 Nf6 3. Nc3 g6 4. Be3 Bg7 5. f3 O-O 6. Qd2 e5 7. Nge2 exd4 8. Nxd4 d5 9. O-O-O c5 10. Nde2 d4 11.
Bh6 Qa5 12. Bxg7 Kxg7 13. e5 Nfd7 14. Ne4 Qxa2 15. Qg5 h6 16. Qg3 Nc6 17. e6 Nde5 18. Nf4 Bxe6 19. Nh5+ Kg8 20. Nef6+ Kh8 21. Qf4 g5 22. Qe4 Ng6 23. h4 g4 24. Nf4 Nce7 25.
h5 Bf5 26. Nxg6+ fxg6 27. Qxe7 Rf7 28. Qe5 Qa1+ 29. Kd2 Qxb2 30. Rc1 Qc3+ 31. Kd1 d3 32. Qxc3 Rd8 33. Bxd3 c4 34. Qxc4 Rxf6 35. hxg6 Kg7 36. Kd2 Rc6 37. Qb4 Rb6 38. Qc3+ 1-0

[Event "*** Titled Tuesday Blitz"]
[Site "Chess.com"]
[Date "2020.12.29"]
[Round "8"]
[White "Jungle_Jaguar"]
[Black "Chessmatus"]
[Result "1-0"]
[WhiteElo "2614"]
[BlackElo "2451"]
[TimeControl "180+1"]
[EndTime "11:28:06 PST"]
[Termination "Jungle_Jaguar won by resignation"]

1. e4 c5 2. Nf3 d6 3. d4 cxd4 4. Nxd4 Nf6 5. Nc3 a6 6. Be3 e5 7.
Nb3 Be7 8. f3 h5 9. Qd2 Be6 10.
Nd5 Bxd5 11. exd5 Nbd7 12. O-O-O Nb6 13. Qa5 Nfd7 14. Kb1 Qc7 15. c4 Rc8 16. Rc1 Bd8 17.
Be2 Nf6 18. Rhd1 O-O 19. Qe1 Nbd7 20. c5 Nxc5 21. Nxc5 dxc5 22. Bxc5 Re8 23. d6 Qd7 24. Qb4 b6 25. Bg1 b5 26. Rxc8 Qxc8 27. h3 Qf5+ 28. Ka1 Nd7 29. Bd3 Qe6 30. Be4 Bb6 31. Bxb6 Nxb6 32.
Qc5 Nd7 33. Qc7 Nf6 34. Bc6 Rf8 35. d7 Qe7 36. d8=Q Rxd8 37. Rxd8+ 1-0

[Event "*** Titled Tuesday Blitz"]
[Site "Chess.com"]
[Date "2020.12.29"]
[Round "8"]
[White "Region_07"]
[Black "MaevskiyNikolay"]
[Result "0-1"]
[WhiteElo "2469"]
[BlackElo "2597"]
[TimeControl "180+1"]
[EndTime "11:28:07 PST"]
[Termination "MaevskiyNikolay won on time"]

1. d4 d5 2. Bg5 Nc6 3. e3 f6 4. Bf4 e5 5. Bg3 a6 6. Nc3 Bb4 7.
Nf3 Bg4 8. Be2 e4 9. Nd2 Be6 10.
O-O f5 11. f3 Nf6 12. a3 Be7 13. fxe4 fxe4 14. Nb3 b6 15. Qe1 O-O 16. Bf4 Bd6 17. Qg3 Bxf4 18. Rxf4 Ne7 19. Raf1 Ng6 20. R4f2 Qe7 21. h4 Nh8 22. h5 h6 23. a4 a5 24.
Nb5 Rf7 25. Nd2 Rd8 26. c4 c6 27.
Nc3 Nh7 28. cxd5 cxd5 29. Bb5 Ng5 30. Bc6 Rxf2 31. Rxf2 Rd6 32. Bb5 Nhf7 33. Be2 Rd8 34. Nb5 Qd7 35. Rf4 Rc8 36. Nb3 Rc2 37. Bd1 Rxb2 38. Qe1 Bh3 39. Be2 Bxg2 0-1